[Event "37th Belgrade Trophy 2024"]
[Site "Belgrade"]
[Date "2024.11.23"]
[Round "8"]
[White "Zhdanov, Petr"]
[Black "Simbelov, Roman T."]
[Result "0-1"]
[ECO "C58"]
[WhiteElo "1917"]
[BlackElo "2196"]
[Annotator "RC"]
[PlyCount "162"]
[EventDate "2024.11.23"]
[EventCountry "SRB"]
[SourceTitle "playchess.com"]
[Source "ChessBase"]
[SourceQuality "1"]
[TimeControl "40/5400+30:900+30"]

1. e4 e5 2. Nf3 Nc6 3. Bc4 Nf6 4. Ng5 d5 5. exd5 Na5 6. Bb5+ c6 7. dxc6 bxc6 8. Bd3 Nd5 9. Nf3 Bd6 10. O-O O-O 11. Re1 Re8 12. Nc3 f5 13. Nxd5 cxd5 14. Bf1 e4 15. Nd4 Qh4 16. g3 Qf6 17. c3 f4 18. d3 e3 19. Qf3 Bg4 20. Qxd5+ Kh8 21. Bxe3 fxe3 22. Rxe3 Rf8 23. f3 Bc7 24. b4 Rad8 25. Qe4 Bd7 26. bxa5 Rde8 27. Qb7 Rxe3 28. Qxc7 Bf5 29. Kf2 Re5 30. Rb1 Bg6 31. Rb8 Rxb8 32. Qxb8+ Re8 33. Qxa7 Qg5 34. f4 Qd5 35. c4 Qh1 36. Nf3 Bh5 37. Qb7 Bxf3 38. Qxf3 Qxh2+ 39. Bg2 Rb8 40. Qe2 Qh6 41. Qe5 Rd8 42. c5 Qa6 43. c6 Qxd3 44. c7 Qc2+ 45. Kg1 Rc8 46. a6 Qb1+ 47. Bf1 Qxa2 48. Qd6 Qa5 49. Bg2 Qxc7 50. Qxc7 Rxc7 51. Bb7 Rc1+ 52. Kf2 Ra1 53. Ke3 Ra4 54. Kd3 Kg8 55. Kc3 Kf7 56. Kb3 Ra1 57. Kb4 Ke6 58. Kc5 Kd7 59. Kb6 Rb1+ 60. Kc5 Kc7 61. Be4 Ra1 62. Bxh7 Rxa6 63. Kd5 Kd7 64. Ke5 Ke7 65. Kf5 Ra5+ 66. Ke4 Kf6 67. Kf3 g5 68. fxg5+ Kxg5 69. Be4 Ra3+ 70. Kf2 Kg4 71. Bc6 Rxg3 72. Ke2 Kf4 73. Bb7 Ke5 74. Ba8 Kd4 75. Bb7 Re3+ 76. Kd2 Rb3 77. Ba8 Rb2+ 78. Kc1 Kc3 79. Bd5 Rb5 80. Bf3 Rf5 81. Be2 Rg5 0-1

[Event "37th Belgrade Trophy 2024"]
[Site "Belgrade"]
[Date "2024.11.30"]
[Round "8.2"]
[White "Shchekachev, Andrei"]
[Black "Baghdasaryan, Davit"]
[Result "1/2-1/2"]
[ECO "A33"]
[WhiteElo "2448"]
[BlackElo "2121"]
[Annotator "TA"]
[PlyCount "70"]
[EventDate "2024.11.23"]
[EventCountry "SRB"]
[SourceTitle "playchess.com"]
[Source "ChessBase"]
[SourceQuality "1"]
[TimeControl "40/5400+30:900+30"]

1. Nf3 c5 2. c4 Nc6 3. d4 cxd4 4. Nxd4 Nf6 5. Nc3 e6 6. g3 Qb6 7. Ndb5 Ne5 8. Bg2 $1 a6 9. Na4 Qa5+ 10. Nbc3 Nxc4 {[%emt 0:08:04] Threatening ...d5.} 11. O-O d5 12. b3 {[%emt 0:07:41] Repels b5} Ne5 ({Better is} 12... Nd6 $1 $15) 13. e4 $11 Bb4 14. Bb2 dxe4 15. Nxe4 Nxe4 16. Bxe4 {[%emt 0:00:10] Hoping for a3.} O-O 17. Qd4 {[%emt 0:20:32][%mdl 1024] White has compensation.} f6 18. a3 Be7 19. Rac1 Rb8 20. Qb6 (20. Rfd1 $5) 20... Qxb6 {[%emt 0:04:51] The position is equal.} 21. Nxb6 Nc6 22. b4 e5 23. Rfd1 Rd8 ({But not} 23... Be6 $6 24. Nd7 $16) 24. Rxd8+ Bxd8 25. Nxc8 Rxc8 26. a4 Rb8 27. Bxc6 bxc6 28. Rxc6 Rxb4 29. Rc8 Rxb2 30. Rxd8+ {[%emt 0:00:05][%mdl 4096] Endgame. KR-KR} Kf7 {[%emt 0:00:03] [#] Threatens to win with ...Ra2.} 31. Rd7+ Kg6 32. Rd6 $1 a5 {[%emt 0:00:33] White must now prevent ...Rb4.} 33. Rd5 Kf5 34. Rxa5 Ra2 35. Ra7 g5 {[%emt 0:00:10] Weighted Error Value: White=0.05 (flawless) /Black=0.07 (flawless) .  Mistake:       	---       	Black=1      Inaccurate:     	White=1     	Black=1      OK:         	White=13    	Black=14     Best:        	White=1     	Black=2      Strong:       	White=1     	---} 1/2-1/2

[Event "37th Belgrade Trophy 2024"]
[Site "Belgrade"]
[Date "2024.11.30"]
[Round "8.3"]
[White "Triantafilidis, Mihail"]
[Black "Bryakin, Mikhail"]
[Result "1/2-1/2"]
[ECO "C43"]
[WhiteElo "2200"]
[BlackElo "2435"]
[Annotator "TA"]
[PlyCount "73"]
[EventDate "2024.11.23"]
[EventCountry "SRB"]
[SourceTitle "playchess.com"]
[Source "ChessBase"]
[SourceQuality "1"]
[TimeControl "40/5400+30:900+30"]

1. e4 e5 2. Nf3 Nf6 3. d4 Nxe4 4. Bd3 d5 5. Nxe5 Nd7 6. O-O Nxe5 7. dxe5 Nc5 8. Be3 Be7 9. f4 Nxd3 10. Qxd3 f5 11. exf6 (11. Nc3 $14) 11... Bxf6 $11 12. Bc5 b6 13. Re1+ Kf7 14. Bd4 Re8 15. Nd2 Bxd4+ 16. Qxd4 Bb7 17. Rxe8 Qxe8 18. Nf3 Kg8 $1 {[%emt 0:03:34] Black is weak on the dark squares} 19. Re1 Qd7 20. b4 h6 21. Re5 $36 {[%emt 0:12:07][%mdl 2048] White has the initiative.} Re8 22. Qe3 Rxe5 23. Qxe5 {[%emt 0:00:12][%mdl 4096] Endgame KQB-KQN} c5 {[%emt 0:01:33] Inhibits Nd4.} 24. Qb8+ Bc8 25. Ne5 Qb7 26. Qd6 (26. Qxb7 {simplifies} Bxb7 27. bxc5 bxc5 28. c3) 26... cxb4 (26... d4 $1 $11 {remains equal.}) 27. Qxb4 {[%emt 0:01:10] White is much more active.} (27. Ng6 $1 $16 Kf7 28. Ne5+ Kg8 29. Ng6) 27... Bf5 28. Qd6 {[%emt 0:01:55] Prevents Qc7} Bxc2 29. Qe6+ Kh7 30. f5 {[%emt 0:00:08] aiming for Qg6+.} Qc7 $2 (30... Ba4 $11) 31. Qg6+ $18 Kh8 {[%emt 0:00:39] [#]} 32. Qe8+ $1 Kh7 {[%emt 0:00:03] [#]} 33. Nd7 $2 (33. Ng6 $1 $18 Qc5+ 34. Kh1 Bxf5 35. Nf8+ Kh8 36. Ne6+ Kh7 37. Nxc5 bxc5 38. Qf8) 33... Ba4 $1 $11 (33... Bxf5 $2 {is the wrong capture.} 34. Nf8+ Kh8 35. Ne6+ Kh7 36. Nxc7 $18) 34. Qg6+ Kh8 35. Qe8+ Kh7 36. Qg6+ Kh8 {[%emt 0:00:07] ( -> ...Qc1+)} 37. Qe8+ 1/2-1/2

[Event "37th Belgrade Trophy 2024"]
[Site "Belgrade"]
[Date "2024.11.30"]
[Round "8.4"]
[White "Martic, Ivan"]
[Black "Atalik, Suat"]
[Result "1-0"]
[ECO "C30"]
[WhiteElo "2261"]
[BlackElo "2420"]
[Annotator "TA"]
[PlyCount "139"]
[EventDate "2024.11.23"]
[EventCountry "SRB"]
[SourceTitle "playchess.com"]
[Source "ChessBase"]
[SourceQuality "1"]
[TimeControl "40/5400+30:900+30"]

1. e4 e5 2. Bc4 Nf6 3. d3 Nc6 4. Nc3 Na5 5. Bb3 Bc5 6. f4 Nxb3 7. axb3 d6 8. Nf3 a6 9. Qe2 Bg4 10. h3 (10. fxe5 $11 {keeps the balance.} dxe5 11. Be3 Bxf3 12. gxf3) 10... Bxf3 ({Better is} 10... Nh5 $1 $17 {[%cal Rh5g3] Hoping for ...Ng3.} 11. hxg4 Ng3 (11... Nxf4 $2 12. Bxf4 exf4 13. O-O-O $18)) 11. Qxf3 $14 Nd7 12. f5 c6 13. Bd2 b5 14. Qg4 Rg8 15. Rf1 Bb4 16. Qh5 h6 17. Qf3 a5 18. g4 Bxc3 19. bxc3 a4 20. bxa4 Rxa4 21. Rxa4 bxa4 22. Ke2 Qa8 23. Ra1 Nf6 24. h4 Rh8 25. Qg2 h5 (25... c5 $14) 26. g5 (26. gxh5 $1 $16 Nxh5 27. Qg1) 26... Ng4 $11 27. Qg1 $36 {[%emt 0:00:39][%mdl 2048] White has some pressure.} Kd7 $2 (27... Qa6 $1 $11 {and Black is okay.}) 28. Qb6 $18 Rc8 29. c4 Rc7 (29... Rb8 30. Rxa4 Rxb6 31. Rxa8 $18) 30. c5 $1 dxc5 31. Qxc5 Rb7 $2 (31... Qa7 32. Bb4 Qxc5 33. Bxc5 g6 34. Rxa4 Rc8 35. Ra7+ Rc7) 32. Bb4 Rxb4 33. Qxb4 {[%emt 0:00:22][%mdl 4096] Endgame KQR-KQN} Qa7 34. d4 (34. Rxa4 $2 Qe3+ 35. Kf1 Qf2#) 34... exd4 35. Ra3 (35. Rxa4 $2 d3+ 36. Kd2 (36. Kxd3 $2 Qe3+ 37. Kc4 Ne5#) (36. cxd3 $2 Qf2+ 37. Kd1 Ne3+ 38. Kc1 Qc2#) 36... Qf2+ (36... Qe3+ $2 37. Kc3 $19) 37. Kc3 (37. Kxd3 $2 Qe3+ 38. Kc4 Ne5#) 37... Qxc2+ 38. Kd4 c5+ 39. Qxc5 Qxa4+ $19) 35... Ke8 36. Rd3 (36. Qxa4 d3+ 37. Kxd3 Qe3+ 38. Kc4 Ne5+ 39. Kb4 Qxe4+ 40. Kc3 Qxf5 $16) (36. Kd2 $142 d3 37. Kc1 (37. Rxd3 Ne5 $18) (37. cxd3 Qf2+ 38. Kc1 Qf1+ 39. Kb2 Qe2+ 40. Kb1 Ne3 $18)) 36... c5 $2 (36... Qc7) 37. Qb5+ Ke7 38. Ra3 Qc7 39. Kd1 Nf2+ 40. Ke1 Nxe4 41. Qxa4 Nd6 (41... Nc3 $142 42. Qa7 Nb5 43. Qxc7+ Nxc7) 42. Qa8 Nb5 $2 {[%emt 0:03:07] Prevents Ra7} (42... Nb7 43. Kd1 Qc6) 43. Qe4+ Kd7 44. Qd5+ Ke7 45. Rf3 $2 (45. g6 Nxa3 46. Qxf7+ Kd8 47. Qg8+ Kd7 48. Qxg7+ Kd8 49. Qxc7+ (49. Qg8+ Ke7 $18) 49... Kxc7 50. g7 Nxc2+ 51. Kd2) 45... Nc3 (45... Qd6 {was necessary.} 46. f6+ gxf6 47. Qxd6+ (47. gxf6+ Ke8 $18) 47... Nxd6) 46. f6+ gxf6 47. gxf6+ Ke8 48. Qg5 (48. Qxh5 $18 {is the precise move to win. Strongly threatening Kf1.} Qh2 49. Rxc3 (49. Qxc5 $2 Qe2#) 49... Qh1+ 50. Ke2 Qe4+ 51. Kf2 dxc3 52. Qe2 (52. Qxc5 Qxc2+ 53. Ke3 Qd2+ 54. Ke4 Qg2+ 55. Kd3 Qg6+ 56. Kxc3 Qxf6+ 57. Kc2 Qg6+ 58. Kb3 Qg3+ 59. Kc2 Qxh4 $11) 52... Qxe2+ 53. Kxe2) 48... Kd7 49. Qxh5 {[%emt 0:00:00] White is more active.} Kc6 50. Rf2 $1 {[%emt 0:00:00] Inhibits Qh2.} Kb5 (50... c4 $16) 51. Qf5 Kb4 52. Qf4 ({White should play} 52. Kf1) 52... Qb7 $2 {[%emt 0:00:28] [#]} (52... Qc8 $16) 53. Qf3 $1 Qa6 54. Rg2 c4 55. Rg8 Qa1+ 56. Kf2 Nd1+ 57. Kg3 {[%emt 0:00:39] White wants to mate with Rb8+.} Ne3 {[%emt 0:00:08] [#]} 58. Kh2 {[%emt 0:02:46] Wards off Qg1+} (58. Kh3 $1 $18) 58... Qe1 $2 (58... Qa5 $11) 59. Kh3 Kc3 60. h5 Kxc2 61. h6 d3 62. h7 Qe2 63. Rg3 (63. h8=Q $2 Qxf3+ 64. Kh2 d2 65. Qh7+ Kb2 $19 (65... Kc3 $2 66. Qb1 $19)) 63... Qxf3 64. Rxf3 {[%emt 0:00:05] KR-KN} d2 65. Rf2 $1 (65. h8=R $2 d1=Q (65... d1=R 66. Rf8 $16) 66. Kg3 Qg1+ 67. Kf4 Kd2 $19) 65... Kd3 {[%emt 0:00:25] [#]} 66. Rxd2+ $3 Kxd2 67. h8=Q (67. h8=R $2 {too greedy.} c3 68. Rd8+ Ke2 $19) 67... c3 68. Qd8+ Ke2 69. Qc7 c2 70. Qc3 (70. Qxf7 c1=Q 71. Qh5+ Kf2 72. Qh4+ Kf3 73. Qg3+ Ke2 74. Qh2+ Kd3 $17) 1-0

[Event "37th Belgrade Trophy 2024"]
[Site "Belgrade"]
[Date "2024.11.30"]
[Round "8.5"]
[White "Kerner, Michael"]
[Black "Stanojoski, Zvonko"]
[Result "0-1"]
[ECO "C00"]
[WhiteElo "2086"]
[BlackElo "2401"]
[Annotator "TA"]
[PlyCount "116"]
[EventDate "2024.11.23"]
[EventCountry "SRB"]
[SourceTitle "playchess.com"]
[Source "ChessBase"]
[SourceQuality "1"]
[TimeControl "40/5400+30:900+30"]

1. e4 c5 2. Nf3 e6 3. Qe2 Nc6 4. g3 g6 5. Bg2 Bg7 6. O-O d6 7. c3 Nge7 8. d4 cxd4 9. cxd4 Nxd4 10. Nxd4 Bxd4 11. Bh6 Qb6 12. Nc3 {[%emt 0:00:37][%mdl 1024] White has compensation.} Bd7 {[%emt 0:00:40] Inhibits Nb5.} 13. Rfd1 Rg8 14. Qd2 e5 $1 15. Be3 Bg4 16. Re1 Bxe3 17. Rxe3 Rd8 18. Rd3 f6 (18... g5 $11) 19. h3 ({Better is} 19. Qh6 $14) 19... Be6 $11 20. Rd1 Kf7 21. b3 Qb4 (21... Kg7 {simplifies} 22. Rxd6 Qxd6 23. Qxd6 Rxd6 24. Rxd6 Kf7) 22. Qh6 Rg7 23. a3 Qb6 (23... Qxa3 24. Nb5 Qb2 25. Nxd6+ Rxd6 26. Rxd6 Qxb3 27. Bf1 $18) (23... Qxb3 $2 24. Nd5 (24. Rxd6 $2 Rxd6 25. Rxd6 Qxc3 $19) 24... Qc2 25. Nxe7 $18) 24. b4 Bb3 25. R1d2 Kg8 26. h4 Bc4 27. Rf3 d5 28. exd5 Nf5 $1 (28... Nxd5 29. Bf1 Qc7 (29... Bb3 $2 30. Ne4 $18) 30. h5 $18) 29. Rxf5 gxf5 30. Na4 Qd6 31. Nc5 e4 (31... f4 $1 $17 32. Qh5 (32. Ne4 Qb6 $14) 32... fxg3 33. fxg3 Rxg3) 32. Ne6 $14 Rg6 33. Qe3 Re8 (33... Rc8 $14) 34. h5 (34. Bh3 $1 $16 Qe5 (34... Bxd5 $2 35. Nf4 $18) 35. h5) 34... Rg4 $11 35. Rd4 (35. Bh3 $11 {remains equal.} Bxd5 36. Bxg4 (36. Qxa7 $2 Qxe6 37. Bxg4 fxg4 $19) (36. Nf4 Qxf4 37. Bxg4 Qxe3 $17) 36... Qxe6 37. Be2) 35... Bxd5 $17 36. Nf4 {[%emt 0:00:22] [#]} Rxf4 $1 37. gxf4 Qc6 38. Bh3 {[%emt 0:02:15] [#]} Be6 $1 39. Qd2 Kf7 40. Bf1 (40. Kh2 $17 {was necessary.}) 40... Rg8+ $19 41. Kh2 Rg4 42. Bh3 {[%emt 0:01:06][%cal Od4d6] aiming for Rd6!.} Rh4 43. Rd6 Qc7 44. Kg3 Rxh5 45. Qd4 $2 (45. Kh2) 45... Ke7 (45... Qc1 $142 {( -> ...Qg1+)} 46. Qd1 Qxa3+ 47. f3 Qxb4) 46. Rxe6+ Kxe6 47. Qxe4+ {[%emt 0:00:01][%mdl 4096] Endgame KQR-KQB} Kf7 48. Bxf5 Qe7 49. Qd3 Kg7 50. Be4 (50. Qd1 $142 Kh6 (50... Rxf5 51. Qg4+ $11) 51. Bg4) 50... Kh8 51. Kg4 Rh6 {[%emt 0:01:26] aiming for ...Qg7+.} 52. Qd5 Qg7+ 53. Kf3 Rh3+ 54. Ke2 {[%emt 0:00:09] [#]} Qe7 $1 {[%emt 0:00:29] Wards off Qd8+} (54... Rxa3 55. Qd8+ Qg8 56. Qxf6+ (56. Qxg8+ $2 Kxg8 57. Bxb7 Ra2+ 58. Ke3 Rb2 $19) 56... Qg7 57. Qd8+ (57. Qxg7+ $2 Kxg7 58. Bd5 b6 $19) 57... Qg8 58. Qf6+ (58. Qxg8+ Kxg8 59. Bd5+ Kg7 $19) 58... Qg7 59. Qd8+ Qg8 60. Qf6+ $11) 55. f3 Rh2+ 56. Ke3 Qc7 57. Bd3 Rh1 58. Kf2 $2 (58. Ke2) 58... Qb6+ ({Weaker is} 58... Qxf4 59. Qd8+ Kg7 60. Qe7+ Kg8 61. Qe6+ Kf8 62. Qc8+ Ke7 63. Qxb7+ Ke6 64. Qc8+ Ke7 (64... Kf7 65. Qd7+ Kf8 66. Qd8+ Kf7 67. Qd7+ Kg8 68. Qd8+ Kf7 69. Qd7+ $11) 65. Qb7+ Ke6 66. Qc8+ Ke7 67. Qb7+ $11) 0-1

[Event "37th Belgrade Trophy 2024"]
[Site "Belgrade"]
[Date "2024.11.30"]
[Round "8.6"]
[White "Sutormin, Danila"]
[Black "Ughuzov, Ravan"]
[Result "0-1"]
[ECO "C02"]
[WhiteElo "2394"]
[BlackElo "2047"]
[Annotator "TA"]
[PlyCount "94"]
[EventDate "2024.11.23"]
[EventCountry "SRB"]
[SourceTitle "playchess.com"]
[Source "ChessBase"]
[SourceQuality "1"]
[TimeControl "40/5400+30:900+30"]

1. e4 e6 2. d4 d5 3. e5 c5 4. c3 Nc6 5. Nf3 Bd7 6. Be2 Nge7 7. O-O Ng6 8. Bd3 cxd4 9. cxd4 Qb6 10. Be2 Be7 11. Nc3 O-O 12. Na4 Qd8 13. Be3 Qe8 14. Nc3 f6 15. exf6 Rxf6 16. g3 Rc8 17. Re1 h6 18. h4 Bd6 19. Nh2 (19. Rc1 $11) 19... Nge7 $15 20. Ng4 (20. Bh5 $15 Qd8 21. Bg4) 20... Rf8 $17 21. Bd3 {[%emt 0:09:20] [#]} Kh8 ({Better is} 21... Qf7 $1 $17 {Hoping for ...e5.} 22. Ne2 Nf5) 22. Rc1 Qf7 (22... Nf5 {simplifies} 23. Bxf5 Rxf5 24. f4 b6) 23. Ne2 e5 24. Nxe5 $1 Bxe5 25. dxe5 Nxe5 26. Nf4 $1 (26. Rxc8 $2 Nf3+ 27. Kh1 Rxc8 $19) 26... Bg4 27. Be2 Rxc1 28. Bxc1 Bxe2 29. Rxe2 N7g6 30. Nxg6+ (30. Nxd5 $2 Rd8 31. Re4 Rxd5 $19) 30... Nxg6 31. Qd4 Ne7 $1 32. Qxa7 (32. Bxh6 Nc6 (32... Nf5 33. Bxg7+ Kg8 34. Qxa7 $11) 33. Bxg7+ Kg8 $19) 32... Nc6 (32... Nf5 $5 33. Bf4 d4 $11 (33... Nxh4 34. Bd6 $11)) 33. Qe3 d4 (33... Qf6 $11 34. Kg2 Nd4) 34. Qe6 $14 Qh5 $1 (34... Qf3 35. Qe4 $16) 35. Qe4 d3 36. Re1 (36. Qxd3 $5 Rd8 $8 37. Qe4 $14) 36... Rd8 37. Bd2 Nd4 38. Kg2 (38. Qxd3 $2 Nf3+ $19) 38... Nc2 39. Rc1 Qf7 40. Bc3 ({White should play} 40. Rd1 $16) 40... d2 $1 $11 41. Rd1 (41. Rxc2 $2 d1=Q (41... d1=R 42. Re2 $11) 42. Re2 Qdd5 (42... Qxa2 $2 43. Qg6 $19) 43. Qxd5 Qxd5+ $19) 41... Ne1+ 42. Kf1 Nf3 43. Qf4 Qh5 44. g4 (44. a4 $11 Rd7 45. g4) 44... Qb5+ $17 (44... Qxh4 $2 {too greedy.} 45. Qxf3 Qg5 46. Qf5 (46. Qxb7 Qxg4 47. Rxd2 Rxd2 $18) 46... Qxf5 47. gxf5 $18) 45. Kg2 Ne1+ 46. Kh2 Qc6 47. f3 $2 (47. Rxe1 $17 dxe1=N (47... dxe1=R 48. Bxe1 Rd1 49. Qf8+ Kh7 50. Qf5+ Kg8 51. Bc3 $15) 48. Bxe1) 47... Kg8 (47... Nxf3+ $142 48. Kg3 Ne1 49. Rxd2 Rd3+ 50. Kf2 Rf3+ 51. Qxf3 Nxf3 52. Rd8+ Kh7) 0-1

[Event "37th Belgrade Trophy 2024"]
[Site "Belgrade"]
[Date "2024.11.30"]
[Round "8.7"]
[White "Pavlovic, Luka"]
[Black "Xie, Jianjun"]
[Result "0-1"]
[ECO "B25"]
[WhiteElo "2088"]
[BlackElo "2361"]
[Annotator "TA"]
[PlyCount "120"]
[EventDate "2024.11.23"]
[EventCountry "SRB"]
[SourceTitle "playchess.com"]
[Source "ChessBase"]
[SourceQuality "1"]
[TimeControl "40/5400+30:900+30"]

1. e4 c5 2. Nc3 Nc6 3. g3 g6 4. Bg2 Bg7 5. f4 d6 6. Nf3 e5 7. d3 Nge7 8. O-O O-O 9. Be3 Nd4 10. Qd2 Rb8 11. Rf2 {[%emt 0:06:50] B25: Closed Sicilian: 3 g3, lines without early Be3.} b5 12. Raf1 b4 13. Nd1 Nec6 14. c3 $146 {[%emt 0:03:59] [#]} (14. f5 $1 $14) ({Predecessor:} 14. f5 gxf5 15. Nxd4 exd4 16. Bh6 Ne5 17. Bxg7 Kxg7 18. exf5 f6 19. Rf4 Rh8 20. Nf2 {1-0 Drexel,C (2160)-Lormes,G (2013) Oberliga Sued W 0708 2007 (3.7)}) 14... Qa5 {[%emt 0:14:21] [#]} (14... Nxf3+ $1 $11 15. Rxf3 (15. Bxf3 exf4) 15... bxc3 16. bxc3 exf4 17. gxf4 f5) 15. f5 (15. cxd4 cxd4 16. Bxd4 Nxd4 $15 (16... exd4 17. b3 $15)) (15. Nh4 $1 $16 ) 15... Nxf3+ $14 16. Rxf3 f6 17. g4 Qxa2 18. c4 Rb7 {[%emt 0:05:00] [#]} (18... Qa4 $11) 19. h4 (19. g5 $1 $16) 19... Rbf7 20. Rg3 Qa6 21. Bh6 (21. Rh3 $11 {remains equal.}) 21... Nd4 22. g5 (22. Be3 $17 {was worth a try.}) 22... fxg5 $19 (22... gxf5 $2 23. gxf6 f4 24. Rxg7+ $18 (24. fxg7 Re8 $19)) 23. Bxg7 Rxg7 24. Rxg5 Qb7 (24... gxf5 25. exf5 Rxf5 26. Bd5+ Kf8 27. Rxg7 Kxg7 28. Kh2 $18) 25. Ne3 gxf5 26. Nxf5 Bxf5 27. exf5 Qe7 28. Bd5+ Kh8 29. Be4 Qf6 ({Better is} 29... h6 $19 30. Rxg7 Qxg7+ 31. Kh2 a5) 30. Rf2 $2 {[%emt 0:01:28][%mdl 8192] [#]} (30. Rxg7 $17 Qxg7+ 31. Qg5) 30... Rfg8 $1 $19 31. Rfg2 h6 32. Rg6 Rxg6 (32... Qxh4 33. Rxh6+ Rh7 34. Rxg8+ (34. Rxh4 Rxh4 35. Rxg8+ Kxg8 36. Qg5+ Kf7 37. Qxh4 Ke8 38. f6 Kf7) 34... Kxg8 35. Rxh4 Rxh4 36. Qg5+ Kf7 37. Qxh4 Ne2+ 38. Kf2) 33. fxg6 Rxg6 (33... Qxh4 34. Rh2 Nb3 35. Qxh6+ Qxh6 36. Rxh6+ Kg7 37. Rh7+ Kf6 38. Rd7 $15 (38. Rxa7 Nd2 $15)) 34. Rxg6 Qxg6+ ({Worse is} 34... Qxh4 35. Rxh6+ (35. Rxd6 Qg5+ 36. Qxg5 hxg5 $18) 35... Kg8 36. Rxh4 Ne6 37. Qh6 (37. Bd5 Kf7 38. Qh6 Ke8 39. Qxe6+ Kd8 40. Qxd6+ Ke8 41. Rh8#) 37... Kf7 38. Qg6+ Ke7 39. Rh7+) 35. Kf2 Qf6+ 36. Kg3 Qf4+ 37. Qxf4 exf4+ 38. Kxf4 a5 39. Ke3 Kg7 40. Kd2 Kf6 41. h5 Kg5 42. Bg6 Ne6 43. Bf7 Nf4 44. d4 cxd4 45. b3 Kf5 46. Be8 Ke4 47. Bg6+ Ke5 ({Avoid the trap} 47... Nxg6 $2 48. hxg6 h5 49. g7 $18) 48. Be8 Ne6 49. Bg6 Nc5 50. Bc2 d3 51. Bxd3 Nxb3+ 52. Kc2 Nc5 53. Bg6 Kd4 54. Bf7 a4 55. Kb2 a3+ 56. Ka2 Kc3 57. Bg8 Nd3 58. Kb1 b3 59. Bf7 a2+ 60. Ka1 Nb4 0-1

[Event "37th Belgrade Trophy 2024"]
[Site "Belgrade"]
[Date "2024.11.30"]
[Round "8.8"]
[White "Ivanovic, Marko"]
[Black "Veleski, Robert"]
[Result "1/2-1/2"]
[ECO "A42"]
[WhiteElo "2297"]
[BlackElo "2093"]
[Annotator "RC"]
[PlyCount "103"]
[EventDate "2024.11.23"]
[EventCountry "SRB"]
[SourceTitle "playchess.com"]
[Source "ChessBase"]
[SourceQuality "1"]
[TimeControl "40/5400+30:900+30"]

1. d4 g6 2. c4 Bg7 3. Nc3 d6 4. e4 Nc6 5. d5 Nd4 6. Be3 c5 7. Nge2 Nxe2 8. Bxe2 Nf6 9. h3 O-O 10. O-O a6 11. a4 Rb8 12. Qd2 Bd7 13. f4 Ne8 14. Rae1 Nc7 15. Kh1 b5 16. axb5 axb5 17. e5 bxc4 18. Bxc4 Nb5 19. Ne4 f5 20. Ng5 h6 21. Nf3 Kh7 22. b3 Qb6 23. Qf2 Nc3 24. Qh4 Rbe8 25. e6 Bb5 26. Ng5+ Kg8 27. Nf7 Rxf7 28. exf7+ Kxf7 29. Bd2 Bxc4 30. bxc4 Bf6 31. Qf2 Ne4 32. Rxe4 fxe4 33. f5 Rg8 34. Bxh6 Qb3 35. Bg5 Qxc4 36. Bxf6 exf6 37. fxg6+ Rxg6 38. Qf5 Qe2 39. g4 Rh6 40. g5 Rg6 41. h4 c4 42. Rf2 Qd1+ 43. Kh2 e3 44. Qe6+ Kg7 45. Qe7+ Kg8 46. Ra2 Qd2+ 47. Rxd2 exd2 48. Qe2 c3 49. Kg3 fxg5 50. h5 Rg7 51. h6 Rc7 52. Qe6+ 1/2-1/2

[Event "37th Belgrade Trophy 2024"]
[Site "Belgrade"]
[Date "2024.11.30"]
[Round "8.9"]
[White "Slobodiansky, Steven"]
[Black "Vulinovic, Radivoje"]
[Result "1-0"]
[ECO "C24"]
[WhiteElo "2273"]
[BlackElo "2040"]
[Annotator "ChessBase"]
[PlyCount "63"]
[EventDate "2024.11.23"]
[EventCountry "SRB"]
[SourceTitle "playchess.com"]
[Source "ChessBase"]
[SourceQuality "1"]
[TimeControl "40/5400+30:900+30"]

1. e4 e5 2. Bc4 Nf6 3. d4 exd4 4. Nf3 Bb4+ 5. c3 dxc3 6. bxc3 d5 7. exd5 Bd6 8. O-O O-O 9. h3 h6 10. Bb3 Bf5 11. c4 Nbd7 12. Nc3 a6 13. Nd4 Bh7 14. Bc2 Bxc2 15. Qxc2 Ne5 16. Nce2 Ng6 17. Rb1 Rb8 18. Be3 Re8 19. Nf5 Bf8 20. a4 a5 21. Rfd1 Qd7 22. Neg3 b6 23. Bd4 Qd8 24. Qb2 Kh7 25. Bxf6 Qxf6 26. Qxf6 gxf6 27. Nh5 Re2 28. Nxf6+ Kh8 29. Nd7 Rbe8 30. Nxf8 Nxf8 31. d6 R2e5 32. dxc7 1-0

[Event "37th Belgrade Trophy 2024"]
[Site "Belgrade"]
[Date "2024.11.30"]
[Round "8.10"]
[White "Gevorgyan, David Sh."]
[Black "Jandric, Damjan"]
[Result "1/2-1/2"]
[ECO "E62"]
[WhiteElo "2247"]
[BlackElo "2110"]
[Annotator "RC"]
[PlyCount "147"]
[EventDate "2024.11.23"]
[EventCountry "SRB"]
[SourceTitle "playchess.com"]
[Source "ChessBase"]
[SourceQuality "1"]
[TimeControl "40/5400+30:900+30"]

1. d4 Nf6 2. c4 g6 3. g3 Bg7 4. Bg2 d6 5. Nc3 O-O 6. Nf3 Nc6 7. O-O e5 8. d5 Nb8 9. c5 Na6 10. cxd6 cxd6 11. Nd2 Bd7 12. a4 Qe7 13. Nc4 Rfc8 14. b3 Ne8 15. Be3 Nc5 16. Rc1 b6 17. b4 Na6 18. Qb3 f5 19. Na3 g5 20. Ncb5 Nac7 21. Nxc7 Nxc7 22. b5 f4 23. Bd2 Ne8 24. Rxc8 Rxc8 25. Rc1 Rxc1+ 26. Bxc1 Bg4 27. e4 Qc7 28. Nc4 Be2 29. Bf1 Qxc4 30. Qxc4 Bxc4 31. Bxc4 Bf6 32. Be2 Bd8 33. Bg4 Kg7 34. Kg2 Nf6 35. Bf5 h6 36. Ba3 Be7 37. Kf3 Kf8 38. h3 Kg7 39. Bb4 Ne8 40. Bd7 Nf6 41. Bf5 Ne8 42. Be6 Nf6 43. Bc3 Kg6 44. Bf5+ Kg7 45. Ke2 Kf8 46. Be1 Kg7 47. Kd3 Kf8 48. Bg4 Nxg4 49. hxg4 fxg3 50. f3 g2 51. Bf2 Ke8 52. Ke2 Kd7 53. Be3 Kc7 54. Kf2 Bf6 55. Kxg2 Be7 56. Kf1 Bf6 57. Kf2 Be7 58. Ke1 Bf6 59. Ke2 Be7 60. Kd1 Bf6 61. Kd2 Be7 62. Kc1 Bf6 63. Kb1 Be7 64. Kc2 Bf6 65. Kc3 Be7 66. Kb3 Bf6 67. Ka3 Be7 68. Kb4 Bf6 69. a5 Be7 70. Ka4 Bf6 71. Bd2 Be7 72. Bb4 Bf6 73. axb6+ axb6 74. Bd2 1/2-1/2